 Dungeon Crawl Stone Soup version 0.30-a0-509-gd016549fea (webtiles) character file.

Game seed: 17358507696351956847

50 xzight the Firebug (level 3, 0/35 HPs)
             Began as an Ogre Fire Elementalist on Dec 22, 2022.
             Killed from afar by an orc wizard (11 damage)
             ... with a puff of flame
             ... on level 3 of the Dungeon.
             The game lasted 00:03:47 (2511 turns).

xzight the Firebug (Ogre Fire Elementalist)         Turns: 2511, Time: 00:03:48

Health: 0/35       AC:  3    Str: 12    XL:     3   Next: 79%
Magic:  1/7        EV: 10    Int: 18    God:
Gold:   87         SH:  0    Dex:  9    Spells: 6/7 levels left

rFire   . . .      SeeInvis .    g - +2 dagger (flame)
rCold   . . .      Faith    .    (no shield)
rNeg    . . .      Spirit   .    a - +0 robe
rPois   .          Reflect  .    (helmet restricted)
rElec   .          Harm     .    (no cloak)
rCorr   .          Rampage  .    (gloves unavailable)
Will    .....                    (boots unavailable)
Stlth   +.........               (no amulet)
HPRegen 0.25/turn                (no ring)
MPRegen 0.10/turn                (no ring)

@: no status effects
A: large, unfitting armour, tough skin 1
a: no special abilities


You were on level 3 of the Dungeon.
You visited 1 branch of the dungeon, and saw 3 of its levels.

You collected 87 gold pieces.


Innate Abilities, Weirdness & Mutations

You are too large for most types of armour.
You have tough skin. (AC +1)


   Skills:
 + Level 1.7 Fighting
 + Level 2.2 Dodging
 - Level 1.4 Stealth
 + Level 2.9 Spellcasting
 + Level 1.5 Conjurations
 + Level 3.0 Fire Magic


You had 6 spell levels left.
You knew the following spells:

 Your Spells              Type           Power      Damage    Failure   Level
a - Foxfire               Conj/Fire      40%        2x1d6     6%          1

Your spell library contained the following spells:

 Spells                   Type           Power      Damage    Failure   Level
 Scorch                   Fire           26%        2d6       7%          2
 Beastly Appendage        Tmut           4%         N/A       17%         1
 Sublimation of Blood     Necr           2%         N/A       26%         2
 Wereblood                Tmut           2%         N/A       26%         2
 Inner Flame              Hex/Fire       8%         N/A       26%         3
 Kindle Blastsparks       Fire/Tloc/Air  12%        2d11      32%         3
 Spider Form              Tmut/Pois      2%         N/A       45%         3
 Flame Wave               Conj/Fire      10%        2d6       54%         4
 Summon Hydra             Summ           1%         N/A       100%        7

Inventory:

Hand Weapons
 g - a +2 dagger of flaming (weapon)
Armour
 a - a +0 robe (worn)
Jewellery
 P - a ring of poison resistance
Scrolls
 c - 4 scrolls of identify {unknown}
 i - a scroll of enchant weapon {unknown}
 j - a scroll of acquirement {unknown}
 m - a scroll of immolation {unknown}
Potions
 b - a potion of magic
 d - a potion of heal wounds {@q2}
 e - a potion of curing {unknown}
 f - a potion of ambrosia {unknown}
 h - 2 potions of haste {unknown}
 k - a potion of resistance {unknown}
 l - 2 potions of might {unknown}

Dungeon Overview and Level Annotations

Branches:
Dungeon (3/15)

Altars:

Annotations:
D:3 2 transporters, petzl's ghost, weakling FoDe

#..#####.# #.##
#...▒.
#...#....####.#
#..©▒.
#.#>..........#
#...▒?
###....##########
##.©▒) #.......#
#..▒. #......##.##
#..▒.
...o..####.)##
#..▒O ...).# ##.o##
#..▒© ..... ##o@#
#..▒▒ ..## ##{#
#####.... ## #.#
#.....##.
##.########.#######
##.....#.....## #
##.............# #
#...............# #
#...............# #
#...............# #


You could see 2 orcs.


Message History

The orc hits you with a +0 hand axe.
You hear some strange, mumbled words.
You are confused.
You feel much better. The orc barely misses you.
The orc hits you with a +0 hand axe. Something hits you.
You're too confused to move!
The orc closely misses you. The orc misses you. Something hits you.
You bump into the rock wall.
The orc hits you but does no damage. The orc hits you with a +0 hand axe.
Something hits you.
You miss something. The orc hits you but does no damage.
The orc closely misses you. Something hits you.
* * * LOW HITPOINT WARNING * * *
You bump into the rock wall.
The orc hits you but does no damage. x2
Something hits you but does no damage.
You bump into the rock wall.
The orc closely misses you. The orc misses you.
Something hits you but does no damage.
Unknown command.
You completely miss something.
You feel less confused. The orc barely misses you.
The orc hits you with a +0 hand axe.
* * * LOW HITPOINT WARNING * * *
Something hits you.
* * * LOW HITPOINT WARNING * * *
You miss something. The orc hits you with a +0 dagger.
* * * LOW HITPOINT WARNING * * *
The orc closely misses you.
You hear some strange, mumbled words.
A puff of flame appears from out of thin air!
The puff of flame hits you!
You die...

Skill      XL: |  1  2  3 |
---------------+----------+-----
Conjurations   | 1 |  1.5
Fighting       | 1 |  1.7
Dodging        | 2 |  2.2
Fire Magic     | 3 |  3.0
Stealth        | |  1.4
Spellcasting   | |  2.9

Action                   || total
-------------------------++-------
Melee: Dagger            ||    13
 Cast: Foxfire           ||    91
  Use: Potion            ||     2
Armor: Robe              ||    20
Dodge: Dodged            ||    23

Levels and vault maps discovered:
D:1:      minmay_arrival_semitransparent, layout_loops_corners,
          minmay_shallow_snake_nest
D:2:      layout_rooms, nicolae_figureground_pulse
D:3:      layout_rooms, gammafunk_ghost_smash, uniq_crazy_yiuf_cottage

Notes
Turn   | Place    | Note
-------+----------+-------------------------------------------
     0 | D:1      | xzight the Ogre Fire Elementalist began the quest for the
                  | Orb.
     0 | D:1      | Reached XP level 1. HP: 16/16 MP: 3/3
   136 | D:1      | Reached skill level 1 in Conjurations
   581 | D:1      | Reached XP level 2. HP: 26/26 MP: 3/5
  1078 | D:2      | Reached skill level 1 in Fighting
  1078 | D:2      | Reached skill level 2 in Dodging
  1548 | D:2      | Reached XP level 3. HP: 33/33 MP: 4/7
  1788 | D:2      | Reached skill level 3 in Fire Magic
  2111 | D:3      | Noticed petzl's ghost (weakling FoDe)
  2112 | D:3      | Noticed an ogre
  2113 | D:3      | Found a transporter.
  2118 | D:3      | Found a transporter.
  2497 | D:3      | HP: 2/35 [something (2)]
  2511 | D:3      | Killed from afar by an orc wizard

Vanquished Creatures
  A worm (D:3)
  3 dart slugs
  2 orcs (D:3)
  2 endoplasms
  2 giant cockroaches
  6 goblins
  3 hobgoblins
  6 ball pythons
  3 bats
  2 frilled lizards (D:1)
  4 kobolds (D:2)
  3 rats
37 creatures vanquished.

Vanquished Creatures (others)
  139 foxfires
139 creatures vanquished.

Grand Total: 176 creatures vanquished

Table legend: (Time is in decaauts)
 A = Elapsed time spent in this place.
 B = Non-inter-level travel time spent in this place.
 C = Inter-level travel time spent in this place.
 D = Time resting spent in this place.
 E = Time spent auto-exploring this place.
 F = Levels seen in this place.
 G = Mean time per level.
                   A        B        C        D        E       F      G
               +--------+--------+--------+--------+--------+-----+--------+
         Total |   2509 |   2486 |     23 |     36 |   2132 |   3 |  836.3 |
       Dungeon |   2509 |   2486 |     23 |     36 |   2132 |   3 |  836.3 |
               +--------+--------+--------+--------+--------+-----+--------+

Top non-repeatable levels by time:
     D:1: 1038 daAuts
     D:2: 993 daAuts
     D:3: 478 daAuts

Table legend:
 A = Non-vault XP
 B = Vault XP
 C = Vault XP percentage of total XP
 D = Non-vault monster count
 E = Vault monster count
 F = Vault count percentage of total count
                 A         B        C        D         E       F
            +---------+---------+-------+---------+---------+-------
      Total |      71 |       1 |   1.4 |      36 |       1 |   2.7
            +---------+---------+-------+---------+---------+-------
        D:1 |      11 |       1 |   8.3 |       8 |       1 |  11.1
        D:2 |      40 |       0 |   0.0 |      21 |       0 |   0.0
        D:3 |      20 |       0 |   0.0 |       7 |       0 |   0.0
            +---------+---------+-------+---------+---------+-------
